 Dungeon Crawl Stone Soup version 0.29-a0-284-gf9362112df (webtiles) character file.

Game seed: 15000990654463635745

1907 Pooter the Cleaver (level 8, -1/71 HPs)
             Began as a Minotaur Monk on Mar 31, 2022.
             Slain by a boulder beetle (56 damage)
             ... on level 7 of the Dungeon.
             The game lasted 00:28:27 (5378 turns).

Pooter the Cleaver (Minotaur Monk)                  Turns: 5378, Time: 00:28:28

Health: -1/71      AC:  8    Str: 17    XL:     8   Next: 94%
Magic:  7/7        EV: 13    Int:  7    God:
Gold:   119        SH:  0    Dex: 14    Spells: 7/7 levels left

rFire   . . .      SeeInvis .   a - +3 war axe
rCold   . . .      Faith    .   (no shield)
rNeg    . . .      Spirit   .   s - +0 ring mail of the True Pharaoh {rC- rCorr Slay+5}
rPois   .          Reflect  .   (helmet restricted)
rElec   .          Harm     .   d - scarf {shadows}
rCorr   +          Rampage  .   (no gloves)
Will    .....                   v - +2 pair of boots
Stlth   ++........              u - amulet of regeneration
HPRegen 1.01/turn               I - ring of protection from cold
MPRegen 0.10/turn               (no ring)

@: no status effects
A: horns 2, retaliatory headbutt
a: no special abilities


You were on level 7 of the Dungeon.
You visited 1 branch of the dungeon, and saw 7 of its levels.

You collected 252 gold pieces.
You spent 133 gold pieces at shops.

Inventory:

Hand Weapons
 a - a +3 war axe (weapon)
   (You took it off an orc on level 2 of the Dungeon)
 b - a +0 hunting sling
   (You found it on level 2 of the Dungeon)
 C - a +0 dire flail
   (You took it off a two-headed ogre on level 4 of the Dungeon)
Missiles
 l - 15 poisoned darts
 n - 4 boomerangs (quivered)
 q - 3 boomerangs of dispersal {!f}
 A - 3 javelins
 H - a throwing net {!f}
 J - 4 atropa-tipped darts
 Q - 171 stones
Armour
 d - a scarf of shadows (worn)
   (You found it on level 1 of the Dungeon)
 g - a +0 scale mail
   (You found it on level 1 of the Dungeon)
 s - the +0 ring mail of the True Pharaoh (worn) {rC- rCorr Slay+5}
   (You found it on level 6 of the Dungeon)

   Slay:      It affects your accuracy & damage with ranged weapons and melee
   (+5).
   rC:        It makes you vulnerable to cold.
   rCorr:     It protects you from acid and corrosion.
 v - a +2 pair of boots (worn)
   (You found it on level 1 of the Dungeon)
 B - a +1 ring mail of fire resistance
   (You found it on level 4 of the Dungeon)
Jewellery
 u - an amulet of regeneration (around neck)
   (You found it on level 6 of the Dungeon)
 I - a ring of protection from cold (left hand)
   (You found it on level 4 of the Dungeon)
Wands
 f - a wand of flame (13)
   (You found it on level 6 of the Dungeon)
Scrolls
 k - a scroll of summoning
 o - 2 scrolls of fear
 t - 4 scrolls of teleportation {@r4}
 y - a scroll of magic mapping {unknown}
 E - 2 scrolls of blinking
 K - a scroll of fog
Potions
 c - 3 potions of ambrosia
 e - a potion of attraction {unknown}
 h - 4 potions of curing {@q1}
 j - a potion of invisibility {unknown}
 m - 2 potions of cancellation {unknown}
 p - 2 potions of mutation {unknown}
 r - 2 potions of degeneration {unknown}
 w - a potion of resistance {unknown}
 x - 3 potions of lignification {unknown}
 D - a potion of flight {unknown}
 G - a potion of heal wounds {unknown}


   Skills:
 + Level 6.8 Fighting
 * Level 8.0(8.1) Axes
 - Level 2.0(5.4) Maces & Flails
 + Level 4.2(5.0) Slings
 + Level 3.6(4.5) Throwing
 + Level 5.9 Dodging
 + Level 4.1 Stealth
 + Level 0.1 Evocations


You had 7 spell levels left.
You didn't know any spells.
Your spell library contained the following spells:

 Spells                   Type           Power      Damage    Failure   Level
 Sublimation of Blood     Necr           0%         N/A       78%         2
 Stone Arrow              Conj/Erth      0%         3d7       95%         3
 Animate Armour           Summ/Erth      0%         N/A       100%        4
 Hailstorm                Conj/Ice       0%         3d3       100%        4
 Ice Form                 Ice/Tmut       0%         N/A       100%        4
 Petrify                  Tmut/Erth      0%         N/A       100%        4
 Irradiate                Conj/Tmut      0%         3d14      100%        5
 Simulacrum               Ice/Necr       0%         N/A       100%        6
 Lehudib's Crystal Spear  Conj/Erth      0%         10d2      100%        8


Dungeon Overview and Level Annotations

Branches:
Dungeon (7/15)
 Temple: D:4-7

Altars:

Shops:
D:3 :   D:7 *=

Annotations:
D:7 Pikel


Innate Abilities, Weirdness & Mutations

You have a pair of horns on your head.
You reflexively headbutt those who attack you in melee.


Message History

The gnoll moves out of view.
You throw a boomerang. The gnoll shouts!
The boomerang hits the gnoll.
You hear a shout! x2
A gnoll comes into view. It is wielding a +0 spear.
You throw a boomerang. The boomerang hits the gnoll.
A gnoll comes into view. It is wielding a +0 flail.
You throw a boomerang. The boomerang hits the gnoll.
You kill the gnoll!
An ice beast comes into view.
You throw a boomerang. The boomerang hits the gnoll.
A gnoll shaman comes into view. It is wielding a +0 whip.
You throw a boomerang. The boomerang closely misses the gnoll.
The boomerang hits the gnoll.
An iguana comes into view.
The gnoll hits you with a +0 flail.
The iguana hisses angrily.
You hit the gnoll. You headbutt the gnoll.
You kill the gnoll!
The gnoll hits you but does no damage.
A boulder beetle comes into view.
You hit the gnoll. The gnoll barely misses you. You furiously retaliate!
You headbutt the gnoll!
You kill the gnoll!
The gnoll hits you from afar with a +0 spear.
Your Axes skill increases to level 8!
The gnoll misses you.
The ice beast hits you but does no damage.
Items here: )) ††.
You slash the gnoll!
You kill the gnoll!
You closely miss the ice beast. The ice beast closely misses you.
You furiously retaliate!
You headbutt the ice beast. You hit the ice beast. You slash the gnoll shaman!
The boulder beetle curls into a ball and begins rolling!
The gnoll shaman hits you with a +0 whip.
The ice beast hits you but does no damage.
The iguana hisses menacingly.
You closely miss the ice beast. You headbutt the ice beast! You hit the gnoll.
You barely miss the gnoll shaman. The gnoll barely misses you.
You furiously retaliate!
You headbutt the gnoll!
You kill the gnoll!
The ice beast hits you. The ice beast freezes you! The gnoll shaman misses you.
You furiously retaliate!
You headbutt the gnoll shaman. You closely miss the ice beast.
You hit the gnoll shaman.
You kill the gnoll shaman!
The ice beast misses you. The boulder beetle hits you!!!
Ouch! That really hurt!
You die...

###... #... .#
.#... #.<#
...#...## #..#
#....#..# #..#
...#°..# #...
..#..°..## ##.#
....○Yl#.# #.#
.....B@..# #.#
#######..# #.#
##.# #.# #.# #.#
#.# #.#
#.############.#
#.......♣......#
#####.?♣.♣...###
#.♣...♣..#


You could see a boulder beetle (rolling), an ice beast and an iguana.

Vanquished Creatures
  A two-headed ogre (D:4)
  An orc warrior (D:6)
  2 ice beasts
  A centaur (D:7)
  A kobold brigand (D:7)
  2 scorpions (D:5)
  2 howler monkeys (D:6)
  4 jellies
  2 orc priests (D:5)
  2 hounds
  2 gnoll shamans
  3 iguanas
  3 orc wizards (D:6)
  7 adders
  8 gnolls
  5 worms
  4 dart slugs
  18 orcs
  8 ball pythons
  4 bats
  9 endoplasms
  2 giant cockroaches (D:2)
  4 goblins
  5 hobgoblins
  4 jackals (D:2)
  13 kobolds
  5 quokkas
  4 frilled lizards (D:1)
  5 rats
131 creatures vanquished.

Notes
Turn   | Place    | Note
-------+----------+-------------------------------------------
     0 | D:1      | Pooter the Minotaur Monk began the quest for the Orb.
     0 | D:1      | Reached XP level 1. HP: 19/19 MP: 0/0
   194 | D:1      | Reached XP level 2. HP: 25/27 MP: 1/1
   760 | D:1      | Found a faded altar of an unknown god.
   984 | D:2      | Reached XP level 3. HP: 33/33 MP: 2/2
  1017 | D:2      | Reached skill level 4 in Axes
  1420 | D:2      | Reached XP level 4. HP: 41/41 MP: 3/3
  2481 | D:3      | Found Gyver's Book Emporium.
  2958 | D:4      | Reached skill level 1 in Slings
  2970 | D:4      | Reached XP level 5. HP: 38/47 MP: 4/4
  3035 | D:4      | You fall into a shaft and drop 2 floors!
  3102 | D:6      | Reached skill level 5 in Fighting
  3102 | D:6      | Reached skill level 1 in Throwing
  3104 | D:6      | Reached skill level 5 in Axes
  3107 | D:6      | Reached XP level 6. HP: 34/56 MP: 5/5
  3109 | D:6      | Identified the +0 ring mail of the True Pharaoh {rC- rCorr
                  | Slay+5}
  3232 | D:6      | Noticed an orc warrior
  3276 | D:6      | Killed an orc warrior
  3464 | D:5      | Entered Level 5 of the Dungeon
  3464 | D:5      | Noticed an ice beast
  3478 | D:6      | Killed an ice beast
  3479 | D:6      | Reached XP level 7. HP: 61/61 MP: 6/6
  3597 | D:4      | Noticed a two-headed ogre
  3605 | D:4      | Killed a two-headed ogre
  3606 | D:4      | Reached skill level 7 in Axes
  3606 | D:4      | Reached skill level 5 in Dodging
  3606 | D:4      | Reached XP level 8. HP: 55/71 MP: 7/7
  4215 | D:5      | Reached skill level 1 in Maces & Flails
  5195 | D:7      | Noticed Pikel
  5300 | D:7      | Found Cypihumi's Jewellery Emporium.
  5339 | D:7      | Found Alucwoc's General Store.
  5347 | D:7      | Bought a scroll of enchant weapon for 105 gold pieces
  5347 | D:7      | Bought a scroll of identify for 28 gold pieces
  5373 | D:7      | Noticed a boulder beetle
  5374 | D:7      | Reached skill level 8 in Axes
  5378 | D:7      | Slain by a boulder beetle

Illustrated notes

Levels and vault maps discovered:
D:1:      dpeg_arrival_windows_large_door, layout_basic,
          dilly_ecumenical_altar_fadedgnrine
D:2:      layout_basic, nicolae_figureground_pulse
D:3:      layout_basic, serial_shops, shop
D:4:      layout_gridville
D:5:      layout_loops_cross, kennysheep_generic_room_7
D:6:      layout_loops_corners, minmay_circle_x
D:7:      layout_loops_ring, minmay_temple_entry_mist, serial_shops,
          kennysheep_mini_moat, nicolae_diamond_shop, shop,
          minmay_increasing_density, uniq_pikel

Skill      XL: |  1  2  3  4  5  6  7  8 |
---------------+-------------------------+-----
Fighting       | 4 5 6 |  6.8
Stealth        | 2 3 4 |  4.1
Axes           | 4 5 7 8 |  8.0
Dodging        | 4 5 |  5.9
Slings         | 1 2 3 4 |  4.2
Throwing       | 1 2 3 |  3.6
Maces & Flails | 2 |  2.0
Evocations     | |  0.1

Action                   |  1- 3 |  4- 6 |  7- 9 || total
-------------------------+-------+-------+-------++-------
Melee: Hand axe          |    84 |     9 |       ||    93
       Headbutt          |    10 |    16 |    18 ||    44
       Punch             |     1 |       |       ||     1
       War axe           |       |    81 |    19 ||   100
       Dire flail        |       |       |    57 ||    57
 Fire: Hunting sling     |    16 |     2 |    10 ||    28
Throw: Stone             |    34 |       |       ||    34
       Boomerang         |       |     8 |    16 ||    24
Evoke: Wand              |       |       |     1 ||     1
  Use: Scroll            |       |     7 |     7 ||    14
 Stab: Sleeping          |       |       |     4 ||     4
Armor: Robe              |     2 |       |       ||     2
       Scale mail        |    34 |    26 |       ||    60
       Ring mail         |       |    15 |    29 ||    44
Dodge: Dodged            |    43 |    53 |    39 ||   135

Table legend: (Time is in decaauts)
 A = Elapsed time spent in this place.
 B = Non-inter-level travel time spent in this place.
 C = Inter-level travel time spent in this place.
 D = Time resting spent in this place.
 E = Time spent auto-exploring this place.
 F = Levels seen in this place.
 G = Mean time per level.
                   A        B        C        D        E       F      G
               +--------+--------+--------+--------+--------+-----+--------+
         Total |   5433 |   5257 |    176 |    191 |   3842 |   7 |  776.1 |
       Dungeon |   5433 |   5257 |    176 |    191 |   3842 |   7 |  776.1 |
               +--------+--------+--------+--------+--------+-----+--------+

Top non-repeatable levels by time:
     D:2: 1242 daAuts
     D:6: 1046 daAuts
     D:1: 919 daAuts
     D:5: 713 daAuts
     D:3: 712 daAuts
     D:4: 634 daAuts
     D:7: 165 daAuts
